 Dungeon Crawl Stone Soup version 0.30.1-9-gdf580d7c3d (webtiles) character file.

Game seed: 1797044752061630

175 Eitelfritz the Slasher (level 5, -1/39 HPs)
             Began as a Demonspawn Gladiator on Oct 4, 2023.
             Slain by a black bear (5 damage)
             ... on level 2 of the Dungeon.
             The game lasted 00:03:43 (1729 turns).

Eitelfritz the Slasher (Demonspawn Gladiator)       Turns: 1729, Time: 00:03:43

Health: -1/39      AC:  4    Str: 17    XL:     5   Next: 29%
Magic:  5/5        EV: 12    Int:  9    God:
Gold:   193        SH:  0    Dex: 14    Spells: 4/4 levels left

rFire   . . .        a - +0 long sword
rCold   . . .        (no shield)
rNeg    . . .        b - +0 leather armour
rPois   .            (helmet restricted)
rElec   .            c - +0 cloak
rCorr   .            (no gloves)
SInv    .            (no boots)
Will    .....        (no amulet)
Stlth   +            (no ring)
HPRegen 0.26/turn    (no ring)
MPRegen 0.09/turn

%: no passive effects
@: no status effects
A: antennae 2, demonic guardian 1, demonic magic 1
a: no special abilities


You were on level 2 of the Dungeon.
You visited 1 branch of the dungeon, and saw 2 of its levels.

You collected 193 gold pieces.

Inventory:

Hand Weapons
 a - a +0 long sword (weapon)
 p - the +6 hand axe of Keri {venom, rF+ SInv}
   (You found it on level 2 of the Dungeon)

   rF:        It protects you from fire.
   SInv:      It lets you see invisible.
Missiles
 d - 3 throwing nets (quivered)
 e - 3 javelins
Armour
 b - a +0 leather armour (worn)
 c - a +0 cloak (worn)
Scrolls
 h - a scroll of poison {unknown}
 i - a scroll of fear {unknown}
 j - a scroll of magic mapping {unknown}
 k - 2 scrolls of noise {unknown}
 n - a scroll of silence {unknown}
 o - 2 scrolls of teleportation {unknown}
 s - a scroll of brand weapon {unknown}
Potions
 f - a potion of flight {unknown}
 g - 4 potions of curing {unknown}
 l - a potion of lignification {unknown}
 m - 2 potions of mutation {unknown}
 q - a potion of attraction {unknown}
 r - a potion of cancellation {unknown}


   Skills:
 + Level 2.5 Fighting
 + Level 4.3 Long Blades
 + Level 1.9 Throwing
 + Level 1.3 Armour
 + Level 3.4 Dodging
 + Level 0.7 Stealth


You had 4 spell levels left.
You didn't know any spells.
Your spell library was empty.

Dungeon Overview and Level Annotations

Branches:
Dungeon (2/15)

Altars:


Innate Abilities, Weirdness & Mutations

You have a pair of antennae on your head.
A weak demonic guardian rushes to your aid.
Spells you cast may paralyse adjacent enemies.


Message History

A ball python comes into view.
There is an open door here.
You closely miss the rat. The rat closely misses you.
The rat barely misses you.
You slash the rat!
You kill the rat!
You slash the black bear!
The black bear is moderately wounded.
The black bear barely misses you.
The black bear claws you but does no damage. x2
You barely miss the black bear.
The black bear is moderately wounded.
The black bear bites you! The black bear claws you.
The black bear claws you but does no damage.
You slash the black bear!
The black bear is heavily wounded.
The black bear bites you. The black bear barely misses you.
The black bear claws you but does no damage.
You barely miss the black bear.
The black bear is heavily wounded.
The black bear closely misses you. The black bear claws you.
The black bear barely misses you.
You slash the black bear!
The black bear is almost dead.
The black bear goes berserk!
You hit the black bear.
The black bear is almost dead.
The black bear closely misses you. The black bear barely misses you.
The black bear claws you. The black bear barely misses you.
The black bear claws you. The black bear closely misses you.
You hit the black bear.
The black bear is almost dead.
The black bear bites you.
* * * LOW HITPOINT WARNING * * *
The black bear claws you.
* * * LOW HITPOINT WARNING * * *
The black bear misses you. The black bear bites you.
* * * LOW HITPOINT WARNING * * *
A demonic guardian appears!
The black bear claws you.
You die...

#.#..S' #.#... {
#.#..# #.#..## #
#.#...# # #
#.#...# .# #
#.#.{######## .# #
#.#.5#..##..#..# #
#.#.Sh@...).'..# #
#.#..##8..8##..# #
#.######)†## .# #
##......#[.#
#..#.#..#..#
#######..#.#..#..#
#....[...#....#..#
#.######.#....#'##
#.# #.#.#....#


You could see a black bear (berserk), an adder (ally target) and a friendly
shadow imp (summoned).

Vanquished Creatures
  Natasha (thrice) (D:2)
  2 gnolls (D:2)
  An adder (D:2)
  2 dart slugs (D:1)
  A bat (D:2)
  3 endoplasms (D:1)
  3 goblins
  8 hobgoblins
  6 kobolds
  A quokka (D:2)
  7 ball pythons
  2 frilled lizards (D:2)
  6 rats
45 creatures vanquished.

Vanquished Creatures (collateral kills)
  A gnoll (D:2)
  An adder (D:2)
  A goblin (D:2)
  A hobgoblin (D:1)
  A ball python (D:1)
  2 bats
  A rat (D:2)
8 creatures vanquished.

Grand Total: 53 creatures vanquished

Notes
Turn   | Place    | Note
-------+----------+-------------------------------------------
     0 | D:1      | Eitelfritz the Demonspawn Gladiator began the quest for the
                  | Orb.
     0 | D:1      | Reached XP level 1. HP: 16/16 MP: 1/1
   153 | D:1      | Gained mutation: A weak demonic guardian rushes to your
                  | aid. [demonic ancestry]
   153 | D:1      | Reached XP level 2. HP: 22/22 MP: 2/2
   204 | D:1      | Reached skill level 3 in Long Blades
   963 | D:2      | Gained mutation: You have a pair of small antennae on your
                  | head. [demonic ancestry]
   963 | D:2      | Reached XP level 3. HP: 24/27 MP: 3/3
  1167 | D:2      | Identified the +6 hand axe of Keri {venom, rF+ SInv}
  1184 | D:2      | Noticed Natasha
  1193 | D:2      | Killed Natasha
  1194 | D:2      | Gained mutation: You have a pair of antennae on your head.
                  | [demonic ancestry]
  1194 | D:2      | Reached XP level 4. HP: 28/34 MP: 4/4
  1261 | D:2      | Noticed Natasha
  1275 | D:2      | Killed Natasha
  1276 | D:2      | Reached skill level 4 in Long Blades
  1276 | D:2      | Reached skill level 1 in Armour
  1404 | D:2      | Noticed Natasha
  1411 | D:2      | Killed Natasha
  1412 | D:2      | Gained mutation: Spells you cast may paralyse adjacent
                  | enemies. [demonic ancestry]
  1412 | D:2      | Reached XP level 5. HP: 30/39 MP: 5/5
  1572 | D:2      | Found the +18 Lear's hauberk
  1714 | D:2      | Noticed a black bear
  1729 | D:2      | Slain by a black bear

Illustrated notes

Levels and vault maps discovered:
D:1:      minmay_arrival_split_and_join, layout_basic
D:2:      minmay_chambers_of_twos, layout_basic, uniq_natasha

Skill      XL: |  1  2  3  4 |
---------------+-------------+-----
Long Blades    | 3 4 |  4.3
Dodging        | 3 |  3.4
Armour         | 1 |  1.3
Fighting       | |  2.5
Throwing       | |  1.9
Stealth        | |  0.7

Action                     |  1- 3 |  4- 6 || total
---------------------------+-------+-------++-------
  Melee: Long sword        |    85 |    69 ||   154
 Armour: Leather armour    |    28 |    23 ||    51
  Dodge: Dodged            |    72 |    74 ||   146
